 Dungeon Crawl Stone Soup version 0.23.2-40-g277498a001 (console) character file.

Game seed: 17367154023265039996

60405 Morrissey the Severer (level 14, -1/135 HPs)
             Began as a Hill Orc Berserker on Oct 1, 2019.
             Was the Champion of Trog.
             Slain by a basilisk (2 damage)
             ... while petrified by a basilisk
             ... on level 15 of the Dungeon.
             The game lasted 00:32:17 (19936 turns).

Morrissey the Severer (Hill Orc Berserker)         Turns: 19936, Time: 00:32:17

Health: -1/135     AC: 24    Str: 28    XL:     14   Next: 99%
Magic:  14/14      EV:  2    Int: 13    God:    Trog [******]
Gold:   939        SH:  0    Dex: 10    Spells: 13/13 levels left

rFire    + . .     SeeInvis .   a - +0 battleaxe (venom)
rCold    . . .     Gourm    .   (shield currently unavailable)
rNeg     + + +     Faith    .   F - +0 plate armour
rPois    ∞         Spirit   .   (no helmet)
rElec    .         Reflect  .   u - +0 cloak
rCorr    .         Harm     .   V - +0 pair of gloves {Str+3}
MR       +....                  H - +2 pair of boots
Stlth    ..........             r - amulet of Piyziucw {Acrobat rN+ Int+6}
HPRegen  0.32/turn              O - ring of poison resistance
MPRegen  0.14/turn              N - ring of protection from fire

@: petrified, berserk cooldown, slowed
A: no striking features
a: Berserk, Trog's Hand, Brothers in Arms, Renounce Religion


You were on level 15 of the Dungeon.
You worshipped Trog.
Trog was exalted by your worship.
You were hungry.

You visited 2 branches of the dungeon, and saw 21 of its levels.

You collected 1104 gold pieces.
You spent 165 gold pieces at shops.

Inventory:

Hand Weapons
 a - a +0 battleaxe of venom (weapon)
 b - a +2 flail of crushing
Missiles
 G - 362 stones (quivered)
Armour
 u - a +0 cloak (worn)
 F - a +0 plate armour (worn)
 H - a +2 pair of boots (worn)
 V - a +0 pair of gloves of strength (worn)
Jewellery
 h - a +4 ring of strength
 i - an uncursed ring of wizardry {unknown}
 r - the amulet of Piyziucw (around neck) {Acrobat rN+ Int+6}
   (You found it on level 5 of the Lair of Beasts)

   [amulet of the acrobat]

   It helps you evade while moving and waiting.
   It affects your intelligence (+6).
   It protects you from negative energy.
 w - an uncursed ring of stealth
 A - an uncursed ring of positive energy
 J - an uncursed ring of protection from magic
 M - a cursed amulet of inaccuracy {unknown}
 N - a ring of protection from fire (right hand)
 O - a ring of poison resistance (left hand)
 P - an uncursed amulet of magic regeneration
 Q - an uncursed ring of poison resistance
 X - an uncursed ring of protection from cold
Wands
 g - a wand of enslavement (10)
 q - a wand of paralysis (5)
 t - a wand of acid (8)
 C - a wand of iceblast (15)
 K - a wand of disintegration (10)
 S - a wand of polymorph (13)
 T - a wand of flame (13)
Scrolls
 o - 3 scrolls of fear
 p - 7 scrolls of magic mapping
 s - 7 scrolls of teleportation
 y - a scroll of immolation
 z - a scroll of blinking
 B - 2 scrolls of enchant weapon
 L - 10 scrolls of remove curse
 U - 4 scrolls of enchant armour
Potions
 d - 9 potions of curing
 e - 2 potions of mutation
 f - 4 potions of berserk rage
 j - 2 potions of agility
 k - 4 potions of flight
 l - 3 potions of might
 m - 5 potions of brilliance
 n - 6 potions of heal wounds
 v - 2 potions of cancellation
 x - a potion of magic {unknown}
 D - a potion of resistance {unknown}
 E - a potion of ambrosia {unknown}
 Z - a potion of invisibility {unknown}
Miscellaneous
 I - a box of beasts
Comestibles
 c - 33 rations
 R - 23 chunks of flesh


   Skills:
 * Level 15.1 Fighting
 - Level 20.0 Axes
 + Level 16.1 Armour
 - Level 1.5 Dodging


You had 13 spell levels left.
You didn't know any spells.
Your spell library was empty.

Dungeon Overview and Level Annotations

Branches:
Dungeon (15/15)            Temple (0/1) D:6            Lair (6/6) D:10
 Shoals (0/4) Lair:3        Snake (0/4) Lair:3          Orc (0/2) D:10
 Vaults (0/5) D:13
  Slime: Lair:5-6    Depths: D:15

Altars:
Ashenzari
Dithmenos
Elyvilon
Kikubaaqudgha
Makhleb
Okawaru
Ru
Trog
The Shining One

Shops:
D:12 [

Annotations:
D:6 3 runed translucent doors, hewge89's ghost, novice HaWr
D:10 exclusion: downstairs
Lair:1 exclusion: 2 oklob plants
Lair:3 exclusions: electric eel and oklob plant


Message History

The wolf spider simulacrum hits you but does no damage.
The wolf spider simulacrum completely misses you.
The centaur warrior skeleton hits you but does no damage.
The basilisk bites you.
* * * LOW HITPOINT WARNING * * *
The wolf spider simulacrum hits you.
* * * LOW HITPOINT WARNING * * *
The wolf spider simulacrum freezes you!!
* * * LOW HITPOINT WARNING * * *
The wolf spider simulacrum bites you but does no damage.
You are no longer berserk.
You feel yourself slow down.
The centaur warrior skeleton hits you but does no damage.
The wolf spider simulacrum hits you.
* * * LOW HITPOINT WARNING * * *
The wolf spider simulacrum freezes you!!
* * * LOW HITPOINT WARNING * * *
The wolf spider simulacrum bites you but does no damage.
The basilisk bites you.
You die...

#### #..#
#..# #..#
#..# #..#
#..# .
#(l##....
#@Z...#
#)Z...#
...#..#
....#..#
.....# .#
..#...# #
#..#...#
#. #...#


You could see a basilisk, a wolf spider simulacrum and a centaur warrior
skeleton.

Vanquished Creatures
  Josephine (D:12)
  A fire dragon (D:15)
  Harold (D:10)
  3 hydras
  3 vault guards (D:13)
  4 two-headed ogres
  2 centaur warriors
  3 unseen horrors
  A wizard (D:13)
  2 necromancers (D:13)
  9 ugly things
  2 deep elf magi
  An orc knight (D:15)
  A wolf spider (D:15)
  A cyclops (D:11)
  7 black mambas
  9 spiny frogs
  Psyche (D:11)
  A centaur skeleton (D:13)
  3 kobold demonologists (D:14)
  An efreet (D:14)
  3 rime drakes
  6 komodo dragons
  A merfolk (D:11)
  A polar bear (Lair:5)
  4 trolls
  2 hornets
  11 blink frogs
  7 hippogriffs
  A snapping turtle (Lair:3)
  4 wraiths (D:12)
  Sigmund (D:3)
  3 vampires
  2 wyverns
  49 yaks
  19 humans
  A hungry ghost (D:9)
  A basilisk (Lair:2)
  4 vampire mosquitoes
  An acid dragon (D:13)
  12 water moccasins
  16 porcupines
  9 orc warriors
  2 ice beasts (D:13)
  2 phantoms
  2 eyes of draining
  3 necrophages
  A sky beast (D:9)
  8 ogres
  5 wolves (Lair:3)
  14 centaurs
  7 big kobolds
  14 crocodiles
  17 bullfrogs
  3 wyvern zombies
  A scorpion (D:10)
  7 killer bees
  4 wights
  A vampire bat (D:5)
  2 electric eels
  2 howler monkeys
  8 crimson imps
  A quasit (D:10)
  A centaur zombie (D:5)
  2 jellies
  3 orc priests
  7 hounds
  A gnoll shaman (D:4)
  9 orc wizards
  9 worker ants
  6 iguanas
  7 hell rats (Lair:2)
  A hound skeleton (D:5)
  11 gnolls
  18 adders
  5 shadow imps
  An ooze (D:4)
  An adder skeleton (D:8)
  3 worms
  3 dart slugs
  5 leopard geckos
  36 orcs
  3 ball pythons
  A bat skeleton (D:5)
  3 bat zombies (D:5)
  6 giant cockroaches
  4 goblins
  6 hobgoblins
  6 jackals
  5 quokkas
  10 bats
  4 frilled lizards
  26 kobolds
  6 rats
  3 bushes (D:4)
  2 fungi
  9 plants
542 creatures vanquished.

Vanquished Creatures (collateral kills)
  Rupert (Lair:4)
  Fannar (Lair:2)
  A two-headed ogre (D:14)
  Sonja (Lair:2)
  Urug (Lair:2)
  4 ugly things (D:14)
  3 blink frogs (Lair:2)
  2 yaks (Lair:2)
  A scorpion (D:14)
  3 killer bees (D:7)
18 creatures vanquished.

Vanquished Creatures (others)
  8 fungi
  5 plants
13 creatures vanquished.

Grand Total: 573 creatures vanquished

Notes
Turn   | Place    | Note
-------+----------+-------------------------------------------
     0 | D:1      | Morrissey the Hill Orc Berserker began the quest for the
                  | Orb.
     0 | D:1      | Reached XP level 1. HP: 19/19 MP: 1/1
   284 | D:1      | Reached XP level 2. HP: 27/27 MP: 2/2
   787 | D:2      | Reached XP level 3. HP: 26/33 MP: 3/3
   799 | D:2      | Reached skill level 5 in Axes
  1267 | D:2      | Reached XP level 4. HP: 39/40 MP: 4/4
  1302 | D:2      | Reached ** piety under Trog
  1710 | D:3      | Noticed Sigmund
  1718 | D:3      | Killed Sigmund
  1718 | D:3      | Reached skill level 6 in Axes
  1718 | D:3      | Reached XP level 5. HP: 47/47 MP: 5/5
  1718 | D:3      | Reached XP level 6. HP: 55/55 MP: 6/6
  1752 | D:3      | Found a faded altar of an unknown god.
  1766 | D:3      | Reached skill level 5 in Fighting
  2007 | D:3      | Reached skill level 7 in Axes
  2078 | D:3      | Found a sacrificial altar of Ru.
  2399 | D:4      | Found an iron altar of Okawaru.
  2446 | D:4      | Reached XP level 7. HP: 44/61 MP: 7/7
  2573 | D:4      | Reached skill level 8 in Axes
  2871 | D:4      | Found a shattered altar of Ashenzari.
  3009 | D:4      | Reached *** piety under Trog
  3044 | D:4      | Found a white marble altar of Elyvilon.
  3229 | D:5      | Entered Level 5 of the Dungeon
  3277 | D:5      | Reached skill level 5 in Armour
  3278 | D:5      | Reached skill level 9 in Axes
  3278 | D:5      | Reached XP level 8. HP: 70/70 MP: 8/8
  3505 | D:5      | Found an ancient bone altar of Kikubaaqudgha.
  3775 | D:5      | Found a shadowy altar of Dithmenos.
  4069 | D:6      | Found a staircase to the Ecumenical Temple.
  4073 | D:6      | Reached skill level 10 in Axes
  4205 | D:6      | Found a runed translucent gate.
  4205 | D:6      | Found a runed translucent gate.
  4205 | D:6      | Found a runed translucent gate.
  4707 | D:6      | Noticed hewge89's ghost (novice HaWr)
  4813 | D:6      | Found a glowing golden altar of the Shining One.
  4970 | D:7      | Reached XP level 9. HP: 77/79 MP: 9/9
  5106 | D:7      | Reached **** piety under Trog
  5106 | D:7      | Reached skill level 11 in Axes
  5160 | D:7      | Noticed a troll
  5171 | D:7      | Killed a troll
  5179 | D:7      | Noticed a two-headed ogre
  5184 | D:7      | Noticed a two-headed ogre
  5441 | D:7      | Reached skill level 12 in Axes
  5457 | D:7      | Killed a two-headed ogre
  5457 | D:7      | Reached XP level 10. HP: 69/89 MP: 10/10
  5460 | D:7      | Killed a two-headed ogre
  5460 | D:7      | Reached skill level 13 in Axes
  5810 | D:7      | Identified the cursed +0 flail "Kuecam" {pain, MR+ Str+3
                  | Int+3}
  5813 | D:7      | Identified the +5 fustibalus of Jeowuv {velocity, +Inv
                  | rElec Str-4 Int+6}
  6014 | D:7      | Found a bloodstained altar of Trog.
  6104 | D:7      | Got an ancient whip
  6106 | D:7      | Identified the cursed +3 whip "Impslayer" {slash, +Blink
                  | rElec rC+} (You found it on level 7 of the Dungeon)
  6143 | D:7      | Found an iron altar of Okawaru.
  6489 | D:8      | Reached skill level 10 in Armour
  7641 | D:9      | Found a burning altar of Makhleb.
  7657 | D:9      | Reached skill level 14 in Axes
  7726 | D:10     | Entered Level 10 of the Dungeon
  7731 | D:10     | Reached ***** piety under Trog
  7735 | D:10     | Reached XP level 11. HP: 67/99 MP: 11/11
  7872 | D:10     | Found a staircase to the Lair.
  7880 | D:10     | Reached skill level 10 in Fighting
  7897 | D:10     | Found a staircase to the Orcish Mines.
  8028 | D:10     | Noticed Harold
  8040 | D:10     | Killed Harold
  8356 | D:11     | Noticed a cyclops
  8369 | D:11     | Killed a cyclops
  8646 | D:11     | Noticed Psyche
  8653 | D:11     | Killed Psyche
  8872 | D:11     | Identified a scroll of acquirement
  8898 | D:11     | Noticed a red ugly thing
  8910 | D:11     | Killed a red ugly thing
  9201 | D:11     | Reached skill level 15 in Axes
  9311 | D:11     | Paralysed by a hornet for 3 turns
  9521 | Lair:1   | Entered Level 1 of the Lair of Beasts
  9714 | Lair:1   | You fall through a shaft!
  9801 | Lair:2   | Noticed Urug
  9816 | Lair:2   | Killed Urug
  9830 | Lair:2   | Reached XP level 12. HP: 38/110 MP: 12/12
 11102 | Lair:1   | Reached skill level 16 in Axes
 11839 | Lair:2   | Noticed Fannar
 11851 | Lair:2   | Killed Fannar
 11990 | Lair:2   | Noticed Sonja
 11998 | Lair:2   | Killed Sonja
 13027 | Lair:3   | Noticed a six-headed hydra
 13037 | Lair:3   | Killed a six-headed hydra
 13143 | Lair:3   | Reached skill level 17 in Axes
 13444 | Lair:3   | Reached XP level 13. HP: 103/118 MP: 13/13
 13469 | Lair:3   | Found a staircase to the Snake Pit.
 14079 | Lair:3   | Found a staircase to the Shoals.
 14417 | Lair:4   | Noticed Rupert
 14422 | Lair:4   | Killed Rupert
 14469 | Lair:4   | Received a gift from Trog
 15225 | Lair:4   | Reached skill level 18 in Axes
 16033 | Lair:5   | Got a scintillating brass amulet
 16034 | Lair:5   | Identified the amulet of Piyziucw {Acrobat rN+ Int+6} (You
                  | found it on level 5 of the Lair of Beasts)
 16408 | Lair:5   | Identified Mualot's Catalogue of Floating Companions
 16644 | Lair:5   | Reached skill level 15 in Armour
 16842 | Lair:6   | Entered Level 6 of the Lair of Beasts
 17539 | D:12     | Noticed Josephine
 17551 | D:12     | Reached XP level 14. HP: 129/129 MP: 14/14
 17553 | D:12     | Killed Josephine
 17573 | D:12     | Identified the +10 long sword of Jilietho {antimagic, rN+
                  | Str+4 Dex-2}
 17739 | D:12     | Found Ichoreza's Antique Armour Boutique.
 17747 | D:12     | Bought a pair of runed gloves for 165 gold pieces
 17835 | D:12     | Reached skill level 19 in Axes
 18079 | D:13     | Reached ****** piety under Trog
 18089 | D:13     | Received a gift from Trog
 18512 | D:13     | Found a gate to the Vaults.
 19347 | D:14     | Reached skill level 20 in Axes
 19905 | D:15     | Entered Level 15 of the Dungeon
 19919 | D:15     | Reached skill level 15 in Fighting
 19936 | D:15     | HP: 1/135 [wolf spider simulacrum (9)]
 19936 | D:15     | Slain by a basilisk

Skill      XL: |  1  2  3  4  5  6  7  8  9 10 11 12 13 14 |
---------------+-------------------------------------------+-----
Fighting       | 4 5 6 7 8 9 11 12 13 15 | 15.1
Axes           | 5 6 7 9 10 12 14 15 17 18 20 | 20.0
Armour         | 3 4 5 6 9 10 12 13 15 16 | 16.1
Dodging        | |  1.5

Action                   |  1- 3 |  4- 6 |  7- 9 | 10-12 | 13-15 || total
-------------------------+-------+-------+-------+-------+-------++-------
Melee: Hand axe          |   119 |   145 |   214 |       |       ||   478
       Broad axe         |       |       |   131 |   695 |   101 ||   927
       Flail             |       |       |       |     6 |    16 ||    22
       Battleaxe         |       |       |       |       |   510 ||   510
Invok: Berserk           |       |     2 |    10 |    13 |    10 ||    35
       Brothers in Arms  |       |       |     1 |     3 |     2 ||     6
       Trog's Hand       |       |       |     1 |     1 |     1 ||     3
  Use: Scroll            |       |     7 |     7 |    15 |     5 ||    34
       Potion            |       |       |     2 |     1 |       ||     3
 Stab: Distracted        |       |       |     1 |       |       ||     1
  Eat: Chunk             |     1 |     5 |    19 |    25 |    21 ||    71
       Ration            |       |       |       |     6 |     3 ||     9
Armor: Animal skin       |     3 |       |       |       |       ||     3
       Chain mail        |    57 |    70 |   171 |     4 |       ||   302
       Plate armour      |       |       |       |   412 |   379 ||   791
Dodge: Dodged            |    46 |    67 |   189 |   295 |   268 ||   865
